 Dungeon Crawl Stone Soup version 0.22-a0-192-g6ffc940 (webtiles) character file.

92 vishdafish the Slasher (level 4, -9/34 HPs)
             Began as a Demonspawn Gladiator on Feb 17, 2018.
             Killed from afar by an orc wizard (22 damage)
             ... with a puff of flame
             ... on level 3 of the Dungeon.
             The game lasted 00:02:34 (1863 turns).

vishdafish the Slasher (Demonspawn Gladiator)       Turns: 1863, Time: 00:02:35

Health: -9/34      AC:  9    Str: 14    XL:     4   Next: 35%
Magic:  4/4        EV: 13    Int: 11    God:
Gold:   64         SH:  0    Dex: 14    Spells: 3/3 levels left

rFire    x . .     SeeInvis .   a - +0 long sword
rCold    + . .     Gourm    .   (no shield)
rNeg     . . .     Faith    .   b - +0 leather armour
rPois    +         Spirit   .   c - +0 helmet
rElec    .         Reflect  .   l - +2 cloak {rPois}
rCorr    .         Harm     .   (no gloves)
MR       .....                  (no boots)
Stlth    +.........             (no amulet)
HPRegen  0.11/turn              m - ring of ice
MPRegen  0.09/turn              (no ring)

@: confused
A: thin metallic scales 1
a: no special abilities


You were on level 3 of the Dungeon.
You were not hungry.

You visited 1 branch of the dungeon, and saw 3 of its levels.

You collected 64 gold pieces.

Inventory:

Hand Weapons
 a - a +0 long sword (weapon)
Missiles
 d - a throwing net (quivered)
Armour
 b - a +0 leather armour (worn)
 c - a +0 helmet (worn)
 l - a +2 cloak of poison resistance (worn)
Jewellery
 m - a ring of ice (left hand)
Scrolls
 e - a scroll of amnesia {unknown}
 i - a scroll of remove curse {unknown}
 j - a scroll of identify {unknown}
Potions
 g - a potion of cancellation {unknown}
 h - a potion of invisibility {unknown}
 k - a potion of heal wounds {unknown}
Comestibles
 f - 3 rations


   Skills:
 + Level 2.7 Fighting
 + Level 3.6 Long Blades
 + Level 2.1 Throwing
 + Level 0.5 Armour
 + Level 3.1 Dodging
 + Level 0.9 Stealth


You had 3 spell levels left.
You didn't know any spells.

Dungeon Overview and Level Annotations

Branches:
Dungeon (3/15)

Altars:
Wu Jian


Innate Abilities, Weirdness & Mutations

You are partially covered in thin metallic scales. (AC +2)


Message History

You are too confused!
Unknown command.
The orc wizard hits you but does no damage.
The orc wizard casts a spell at you. The puff of flame hits you!
The fire burns you terribly!
You hit the orc wizard but do no damage.
The orc wizard hits you but does no damage.
You miss the orc wizard. The orc wizard hits you with a dagger.
You hit the orc wizard.
The orc wizard is moderately wounded.
You feel less confused.
The orc wizard hits you but does no damage. x2
You barely miss the orc wizard.
The orc wizard is moderately wounded.
The orc wizard points at you and mumbles some strange words.
You are confused.
The orc wizard gestures at you while chanting.
The puff of flame hits you! The fire burns you terribly!
Ouch! That really hurt!
You die...

. . .. .# ##.#
#.##
##...o#######...##
....olo.@........#
.....o##........#
..... #........#
#.. ....
#........##... ...
#.......##... ..
##..##..#..# .
#..###.#.#######
#...............
#.........#...##


You could see an orc wizard, 3 orcs and a leopard gecko.

Vanquished Creatures
  Crazy Yiuf (D:2)
  2 oozes (D:2)
  2 worms (D:2)
  2 dart slugs
  An orc (D:3)
  2 giant cockroaches (D:1)
  6 goblins (D:1)
  5 hobgoblins
  4 jackals (D:1)
  8 kobolds
  6 bats
  6 rats
  A fungus (D:2)
46 creatures vanquished.

Notes
Turn   | Place    | Note
-------+----------+-------------------------------------------
     0 | D:1      | vishdafish the Demonspawn Gladiator began the quest for the Orb.
     0 | D:1      | Reached XP level 1. HP: 16/16 MP: 1/1
    61 | D:1      | Gained mutation: You are partially covered in thin metallic scales. (AC +2) [demonic ancestry]
    61 | D:1      | Reached XP level 2. HP: 10/22 MP: 2/2
   714 | D:1      | Reached XP level 3. HP: 28/28 MP: 3/3
  1134 | D:2      | Found an ornate altar of the Wu Jian Council.
  1747 | D:2      | Found a runed door.
  1751 | D:2      | Noticed Crazy Yiuf
  1757 | D:2      | Paralysed by Crazy Yiuf for 4 turns
  1765 | D:2      | Killed Crazy Yiuf
  1765 | D:2      | Reached XP level 4. HP: 21/34 MP: 4/4
  1863 | D:3      | Killed from afar by an orc wizard

Vault maps used:
D:1:      minmay_arrival_plants_in_alcoves
D:2:      lemuel_crystal_altar, uniq_crazy_yiuf_cottage
D:3:      guppyfry_early_orc_mine

Skill      XL: |  1  2 |
---------------+-------+-----
Throwing       | 2 |  2.1
Dodging        | 3 |  3.1
Long Blades    | 3 |  3.6
Fighting       | |  2.7
Armour         | |  0.5
Stealth        | |  0.9

Action                   |  1- 3 |  4- 6 || total
-------------------------+-------+-------++-------
Melee: Long sword        |   129 |     7 ||   136
Throw: Throwing net      |     5 |       ||     5
 Stab: Sleeping          |     3 |       ||     3
       Held in net/web   |     2 |       ||     2
  Eat: Chunk             |     2 |     1 ||     3
Armor: Leather armour    |    52 |     5 ||    57
Dodge: Dodged            |    83 |       ||    83
       Rpst.: Long sword |    25 |       ||    25

Table legend:
 A = Spawn XP
 B = Non-spawn XP
 C = Spawn XP percentage of total XP
 D = Spawn monster count
 E = Non-spawn monster count
 F = Spawn count percentage of total count
 G = Total turns spent on level
                    A         B        C        D         E        F      G
               +---------+---------+-------+---------+---------+-------+---------
         Total |       0 |     132 |   0.0 |       0 |      45 |   0.0 |  1863
               +---------+---------+-------+---------+---------+-------+---------
           D:1 |       0 |      44 |   0.0 |       0 |      26 |   0.0 |   987
           D:2 |       0 |      85 |   0.0 |       0 |      18 |   0.0 |   841
           D:3 |       0 |       3 |   0.0 |       0 |       1 |   0.0 |    35
               +---------+---------+-------+---------+---------+-------+---------
